 Dungeon Crawl Stone Soup version 0.19.5-1-g796a6487f8 (webtiles) character file.

317 Trettiofem the Ducker (level 6, -6/41 HPs)
             Began as a High Elf Gladiator on Apr 16, 2019.
             Mangled by a worm (8 damage)
             ... on level 4 of the Dungeon.
             The game lasted 00:27:11 (4014 turns).

Trettiofem the Ducker (High Elf Gladiator)          Turns: 4014, Time: 00:27:12

Health: -6/41      AC:  9    Str: 16    XL:     6   Next: 20%
Magic:  7/7        EV:  8    Int: 11    God:
Gold:   141        SH:  0    Dex: 17    Spells: 0 memorised, 5 levels left

rFire  . . .     SeeInvis .     (no weapon)
rCold  . . .     Gourm    .     C - +0 chain mail
rNeg   . . .     Faith    .     (no shield)
rPois  .         Spirit   .     c - +0 helmet
rElec  .         Reflect  .     (no cloak)
rCorr  .         Harm     +     (no gloves)
MR     +....                    (no boots)
Stlth  ..........               x - amulet of harm
                                l - ring of protection from magic
                                h - ring of loudness (curse)

@: no status effects
A: no striking features
a: no special abilities


You were on level 4 of the Dungeon.
You were not hungry.

You visited 1 branch of the dungeon, and saw 4 of its levels.

You collected 141 gold pieces.

Inventory:

Hand Weapons
 a - a +0 flail
 u - a +0 mace
 w - a +0 great mace
Missiles
 g - 49 bolts
Armour
 c - a +0 helmet (worn)
 e - a +0 ring mail
 n - a +0 leather armour of cold resistance
 q - a +0 shield
 C - a +0 chain mail (worn)
Jewellery
 h - a cursed ring of loudness (left hand)
 l - a ring of protection from magic (right hand)
 x - an amulet of harm (around neck)
Scrolls
 i - a scroll of fog {unknown}
 k - 2 scrolls of remove curse {unknown}
 m - a scroll of blinking {unknown}
 o - 4 scrolls of identify
 p - 2 scrolls of teleportation {unknown}
 r - a scroll of enchant armour {unknown}
 B - a scroll of amnesia {unknown}
Potions
 s - 2 potions of berserk rage {unknown}
Comestibles
 A - a bread ration
 E - 2 fruits


   Skills:
 + Level 2.8 Fighting
 + Level 3.6(3.8) Maces & Flails
   Level 2.0(3.5) Staves
 + Level 2.0 Throwing
 + Level 2.4 Armour
 + Level 4.2 Dodging
 + Level 0.8 Stealth
 + Level 1.1 Shields


You had 5 spell levels left.
You didn't know any spells.

Dungeon Overview and Level Annotations

Branches:
Dungeon (4/15)
 Temple: D:4-7

Altars:
Nemelex Xobeh
Ru


Message History

You hit the worm.
The worm is lightly wounded.
You hit the worm but do no damage.
The worm is lightly wounded.
The worm bites you but does no damage.
You hit the worm but do no damage.
The worm is lightly wounded.
You hit the worm.
The worm is lightly wounded.
The worm bites you.
* * * LOW HITPOINT WARNING * * *
You hit the worm.
The worm is lightly wounded.
The worm bites you but does no damage.
You hit the worm but do no damage.
The worm is lightly wounded.
You hit the worm.
The worm is lightly wounded.
The worm bites you!
You die...

#........#.#
#......# #.##.###
##.##.####
#.........
#......###
##.###..###.#
########...##)....#
...........w@..###.#
#####[...##..#
#.#.###..##
#.#[.......
#.#.###..###
####.#.###..#
#...........#
#.#.##.####.#
#.#.##.####.


You could see a worm.

Vanquished Creatures
  Menkaure (D:4)
  An orc priest (D:4)
  Crazy Yiuf (D:2)
  2 orc wizards
  A worker ant (D:3)
  Robin (D:2)
  An adder (D:2)
  3 leopard geckos
  4 orcs
  3 giant cockroaches
  15 goblins
  5 hobgoblins
  4 jackals (D:4)
  2 quokkas (D:2)
  10 bats
  5 frilled lizards
  3 kobolds
  7 rats
69 creatures vanquished.

Notes
Turn   | Place    | Note
-------+----------+-------------------------------------------
     0 | D:1      | Trettiofem the High Elf Gladiator began the quest for the Orb.
     0 | D:1      | Reached XP level 1. HP: 14/14 MP: 2/2
   492 | D:1      | Reached XP level 2. HP: 19/19 MP: 3/3
  1459 | D:2      | Noticed Robin
  1480 | D:2      | Reached XP level 3. HP: 21/24 MP: 4/4
  1513 | D:2      | HP: 1/24 [Robin/falchion (7)]
  1518 | D:2      | HP: 1/24 [Robin/falchion (1)]
  1519 | D:2      | Killed Robin
  1982 | D:2      | Found a sparkling altar of Nemelex Xobeh.
  2116 | D:2      | Found a runed door.
  2416 | D:2      | Noticed Crazy Yiuf
  2421 | D:2      | Killed Crazy Yiuf
  2421 | D:2      | Reached skill level 1 in Shields
  2421 | D:2      | Reached XP level 4. HP: 24/30 MP: 5/5
  2545 | D:3      | Reached skill level 1 in Armour
  2788 | D:3      | Found a sacrificial altar of Ru.
  2801 | D:3      | Reached skill level 4 in Dodging
  2801 | D:3      | Reached XP level 5. HP: 31/35 MP: 6/6
  3566 | D:4      | Reached skill level 1 in Staves
  3842 | D:4      | Noticed Menkaure
  3873 | D:4      | Killed Menkaure
  3873 | D:4      | Reached XP level 6. HP: 2/41 MP: 7/7
  4011 | D:4      | HP: 1/41 [worm (3)]
  4014 | D:4      | Mangled by a worm

Skill      XL: |  1  2  3  4  5 |
---------------+----------------+-----
Maces & Flails | 3 |  3.6
Shields        | 1 |  1.1
Armour         | 1 2 |  2.4
Dodging        | 4 |  4.2
Staves         | 2 |  2.0
Fighting       | |  2.8
Throwing       | |  2.0
Stealth        | |  0.8

Action                   |  1- 3 |  4- 6 || total
-------------------------+-------+-------++-------
Melee: Flail             |   145 |       ||   145
       Quarterstaff      |       |    69 ||    69
       Unarmed           |       |    14 ||    14
  Use: Potion            |     2 |       ||     2
       Scroll            |     1 |       ||     1
 Stab: Paralysed         |       |     1 ||     1
  Eat: Bread ration      |     1 |       ||     1
       Meat ration       |       |     1 ||     1
       Beef jerky        |       |     1 ||     1
Armor: Leather armour    |    15 |       ||    15
       Ring mail         |    63 |    18 ||    81
       Chain mail        |       |    16 ||    16
Dodge: Dodged            |    89 |    46 ||   135
Block: Shield            |    46 |       ||    46
